 Dungeon Crawl Stone Soup version 0.29.1-1-gd02db6906a (webtiles) character file.

Game seed: 16142008863258113795

2 SINSOJ the Conjurer (level 1, -3/11 HPs)
             Began as an Octopode Conjurer on Oct 21, 2022.
             Slain by a quokka (5 damage)
             ... on level 1 of the Dungeon.
             The game lasted 00:00:32 (90 turns).

SINSOJ the Conjurer (Octopode Conjurer)               Turns: 90, Time: 00:00:32

Health: -3/11      AC:  1    Str:  6    XL:     1   Next: 40%
Magic:  3/3        EV: 13    Int: 20    God:
Gold:   0          SH:  0    Dex: 10    Spells: 3/4 levels left

rFire   . . .      SeeInvis .   (no weapon)
rCold   . . .      Faith    .   (no shield)
rNeg    . . .      Spirit   .   (helmet restricted)
rPois   .          Reflect  .   (no amulet)
rElec   .          Harm     .   (no ring)
rCorr   .          Rampage  .   (no ring)
Will    .....                   (no ring)
Stlth   +++.......              (no ring)
HPRegen 0.03/turn               (no ring)
MPRegen 0.08/turn               (no ring)
                                (no ring)
                                (no ring)

@: no status effects
A: almost no armour, amphibious, 8 rings, camouflage 1, gelatinous body 1,
(nimble swimmer 1), tentacles
a: no special abilities


You were on level 1 of the Dungeon.
You visited 1 branch of the dungeon, and saw 1 of its levels.

Inventory:

Potions
 a - a potion of magic
 b - a potion of heal wounds {unknown}


   Skills:
 + Level 2.0 Dodging
 + Level 2.8 Stealth
 + Level 2.0 Spellcasting
 + Level 4.0 Conjurations


You had 3 spell levels left.
You knew the following spells:

 Your Spells              Type           Power      Damage    Failure   Level
a - Magic Dart            Conj           72%        1d6       3%          1

Your spell library contained the following spells:

 Spells                   Type           Power      Damage    Failure   Level
 Searing Ray              Conj           36%        2d5       4%          2
 Dazzling Flash           Conj/Hex       20%        N/A       21%         3
 Fulminant Prism          Conj/Hex       5%         3d7       56%         4
 Iskenderun's Mystic Bla  Conj/Tloc      10%        2d4       56%         4


Dungeon Overview and Level Annotations

Branches:
Dungeon (1/15)

Altars:


Innate Abilities, Weirdness & Mutations

You cannot wear most types of armour.
You are amphibious.
You can wear up to eight rings at the same time.
Your skin changes colour to match your surroundings (Stealth+).
Your rubbery body absorbs attacks. (AC +1, EV +1)
((You are camouflaged when in or above water. (Stealth+)))
You have tentacles for arms and can constrict up to eight enemies at once.


Message History

You squeeze the giant cockroach, but do no damage.
You constrict the giant cockroach.
The giant cockroach bites you but does no damage.
You tentacle-slap the giant cockroach.
The giant cockroach is heavily wounded.
You constrict the giant cockroach, but do no damage.
The giant cockroach bites you.
You tentacle-slap the giant cockroach but do no damage.
Your squeeze misses the giant cockroach.
The giant cockroach is heavily wounded.
You constrict the giant cockroach. The giant cockroach barely misses you.
You tentacle-slap the giant cockroach.
The giant cockroach is almost dead.
You constrict the giant cockroach.
You kill the giant cockroach!
You see here a giant cockroach corpse.
Okay, then.
HP restored.
b - a silvery potion A giant cockroach comes into view.
A giant cockroach is nearby!
A giant cockroach is nearby!
A giant cockroach is nearby!
A giant cockroach is nearby!
A hobgoblin and a quokka come into view.
You see here a coppery potion.
The helpless giant cockroach fails to defend itself.
You tentacle-slap the giant cockroach but do no damage.
You grab the giant cockroach. You constrict the giant cockroach.
The giant cockroach bites you.
You tentacle-slap the giant cockroach but do no damage.
You squeeze the giant cockroach.
You kill the giant cockroach!
The quokka bites you. The quokka bites you.
You see here a giant cockroach corpse.
The quokka bites you.
* * * LOW HITPOINT WARNING * * *
The quokka bites you.
You die...

##### #####
...#######
###...#######....##
#.....#...##..†....
#.@†...!...#.......
#..r..#.##.....#...
#.....#.###.......♣
#.......####....#♣♣
#####...........# #
g......#....#♣#
....###.......♣#
.....# ###.....~.
#....#.♣


You could see a quokka.

Vanquished Creatures
  2 giant cockroaches (D:1)
2 creatures vanquished.

Notes
Turn   | Place    | Note
-------+----------+-------------------------------------------
     0 | D:1      | SINSOJ the Octopode Conjurer began the quest for the Orb.
     0 | D:1      | Reached XP level 1. HP: 11/11 MP: 3/3
    90 | D:1      | Slain by a quokka

Illustrated notes

Levels and vault maps discovered:
D:1:      saegor_arrival_under_anarchy, layout_rooms, serial_aquarium,
          aquarium_bridge_straight [aquarium_subvault_bridge,
          aquarium_subvault_window, aquarium_subvault_bridge,
          aquarium_subvault_window], aquarium_window_corridor_1,
          aquarium_window_corner, aquarium_window_fake, aquarium_window_fake,
          aquarium_view_2e, aquarium_balcony_5b

Action                   || total
-------------------------++-------
Melee: Unarmed           ||     8
       Constrict         ||     2
       Tentacles         ||     2
 Stab: Sleeping          ||     2
Armor: Skin              ||     1
Dodge: Dodged            ||     4
